 Dungeon Crawl Stone Soup version 0.31.0-1-g2c135a008e (webtiles) character file.

Game seed: 11358655312161735480

117 qw the Shooter (level 5, -9/40 HPs)
             Began as a Djinni Hunter on Jan 23, 2024.
             Mangled by Edmund
             ... wielding a +4 heavy flail
              (19 damage)
             ... on level 4 of the Dungeon.
             The game lasted 00:00:07 (2038 turns).

qw the Shooter (Djinni Hunter)                      Turns: 2038, Time: 00:00:08

Health: -9/40      AC:  5    Str: 10    XL:     5   Next: 22%
Gold:   146        EV: 11    Int: 10    God:
                   SH:  0    Dex: 19

rFire   + + .        a - +2 shortbow
rCold   x . .        (shield currently unavailable)
rNeg    + . .        d - +0 ring mail
rPois   inf          (no helmet)
rElec   .            (no cloak)
rCorr   .            (no gloves)
SInv    .            (boots unavailable)
Will    .....        (no amulet)
Stlth   +            h - ring of positive energy
HPRegen 0.26/turn    (no ring)
MPRegen 0.00/turn

%: infuse magic (-10 HP)
@: flying
A: sickness immunity, fire resistance 2, cold vulnerability 1, float, innate
caster, HP casting, extra vitality 1
a: no special abilities


You were on level 4 of the Dungeon.
You visited 1 branch of the dungeon, and saw 4 of its levels.

You collected 250 gold pieces.
You spent 104 gold pieces at shops.


Innate Abilities, Weirdness & Mutations

You are immune to sickness and miasma.
You are immune to poison.
Your flesh is very heat resistant. (rF++)
You are vulnerable to cold. (rC-)
You float through the air rather than walking.
You learn spells naturally, not from books.
Your magical power is your life essence.
You have superior vitality. (+4 MHP)


   Skills:
 - Level 3.0 Fighting
 + Level 4.2 Ranged Weapons
 - Level 1.0 Armour
 - Level 3.1 Dodging
 - Level 0.7 Stealth


You knew the following spells:

 Your Spells              Type           Power      Damage    Failure   Level
a - Kiss of Death         Conj/Necr      0%         2d5       67%         1
b - Momentum Strike       Conj/Tloc      0%         3d8       82%         2
Your spell library was empty.

Inventory:

Hand Weapons
 a - a +2 shortbow (weapon)
Armour
 d - a +0 ring mail (worn)
Jewellery
 e - a ring of fire
 h - a ring of positive energy (left hand)
Potions
 b - a potion of cancellation
 c - a potion of might {unknown}
 g - a potion of heal wounds {unknown}
 j - a potion of enlightenment {unknown}
 k - a potion of curing {unknown}
 l - a potion of haste {unknown}

Dungeon Overview and Level Annotations

Branches:
Dungeon (4/15)
 Temple: D:4-7

Altars:
Dithmenos
Makhleb
The Shining One

Shops:
D:2 !

Annotations:
D:4 Edmund


Message History

The arrow hits Edmund but does no damage.
You shoot an arrow.
The arrow barely misses the ball python.
You shoot an arrow. The arrow hits Edmund.
Edmund is lightly wounded.
A hobgoblin comes into view.
Edmund says, "Everyone always remembers my brother. 'Who's Edmund?' they ask!"
The hobgoblin moves out of view.
You shoot an arrow. The arrow hits Edmund.
Edmund is lightly wounded.
The ball python barely misses you. x2; Edmund hits you but does no damage.
The ball python bites you. The ball python grabs you.
The ball python constricts you.
You shoot an arrow.
The arrow barely misses the ball python.
The ball python bites you but does no damage.
The ball python constricts you. Edmund hits you with a +4 heavy flail!
You shoot an arrow. The arrow hits the ball python!
You kill the ball python!
Edmund hits you with a +4 heavy flail!
You shoot an arrow.
The arrow hits Edmund but does no damage.
Edmund is lightly wounded.
Edmund barely misses you.
You shoot an arrow. The arrow hits Edmund.
Edmund is lightly wounded.
Edmund misses you.
You shoot an arrow.
The arrow hits Edmund but does no damage.
Edmund is lightly wounded.
You shoot an arrow.
The arrow hits Edmund but does no damage.
Edmund is lightly wounded.
Edmund hits you with a +4 heavy flail!
You shoot an arrow.
The arrow hits Edmund but does no damage.
Edmund is lightly wounded.
Edmund hits you with a +4 heavy flail!!
You die...
Edmund says, "I'd like to see a scythe do that!"

###.##...##..##....#
#.......####.......#
##..##.............##
##.........###....#.##
.#.<......## #.......# #
..........# ####....#.##
#........%.# # ##.....).#
##...%.......#.#..........
##............$@.......##
##............@%.........
##.......................[
.#..........#.............
........... ##...........
..##..###.. #...........
.....### .. #........!..
........ #..##...###
<.......


You could see Edmund.

Vanquished Creatures
  An iguana (D:3)
  3 adders
  2 dart slugs
  A ribbon worm (D:2)
  4 orcs (D:3)
  5 endoplasms
  3 goblins (D:3)
  8 hobgoblins
  4 quokkas
  3 ball pythons
  5 bats
  A frilled lizard (D:3)
  9 kobolds
  4 rats
53 creatures vanquished.

Notes
Turn   | Place    | Note
-------+----------+-------------------------------------------
     0 | D:1      | qw the Djinni Hunter began the quest for the Orb.
     0 | D:1      | Reached XP level 1. HP: 18/18 MP: 0/0
     0 | D:1      | 0 ||| qw: Version: 0.3-a-134-g2ba4250
     0 | D:1      | 0 ||| qw: Game counter: 684
     0 | D:1      | 0 ||| qw: Melee chars always use a shield: true
     0 | D:1      | 0 ||| qw: God list: Okawaru
     0 | D:1      | 0 ||| qw: Allow faded altars: false
     0 | D:1      | 0 ||| qw: Do Orc after clearing Dungeon:15 true
     0 | D:1      | 0 ||| qw: Do second Lair branch before Depths: true
     0 | D:1      | 0 ||| qw: Lair rune preference: random
     0 | D:1      | 0 ||| qw: Goals: Normal
     0 | D:1      | 0 ||| PLANNING D:1-11
    27 | D:1      | You are sucked into a shaft and drop 1 floor!
    75 | D:2      | 75 ||| READING scroll labelled GULA JEAZITWUE.
    76 | D:2      | 76 ||| DROPPING scroll of butterflies.
   144 | D:1      | Reached XP level 2. HP: 23/23 MP: 0/0
   380 | D:1      | Found a faded altar of an unknown god.
   758 | D:1      | 758 ||| UPGRADING to ring of positive energy.
   759 | D:1      | 759 ||| READING scroll labelled YTHREYN AQAKHOSM.
   760 | D:1      | 760 ||| READING scroll labelled UTIMEA POFA.
   760 | D:1      | 760 ||| ENCHANTING +0 shortbow.
   761 | D:1      | 761 ||| READING scroll labelled ZEPTYTUMAYV.
   761 | D:1      | 761 ||| ENCHANTING +1 shortbow.
   762 | D:1      | 762 ||| READING scroll labelled BUHAS JALLABU.
   766 | D:1      | 766 ||| DROPPING scroll of immolation.
   810 | D:2      | 810 ||| READING scroll of enchant weapon.
   810 | D:2      | 810 ||| ENCHANTING +1 shortbow.
   812 | D:2      | Found Hoyhorch's Distillery.
   829 | D:2      | 829 ||| BUYING potion of cancellation (104 gold).
   829 | D:2      | Bought a potion of cancellation for 104 gold pieces
   829 | D:2      | 829 ||| SHOPLISTING potion of cancellation (104 gold, have
                  | 9).
   829 | D:2      | 829 ||| SHOPLISTING potion of curing (39 gold, have 9).
   829 | D:2      | 829 ||| SHOPLISTING potion of mutation (104 gold, have 9).
   876 | D:2      | Reached skill level 4 in Ranged Weapons
   876 | D:2      | Reached XP level 3. HP: 28/28 MP: 0/0
   876 | D:2      | Learned a level 1 spell: Kiss of Death
  1097 | D:2      | Reached XP level 4. HP: 32/34 MP: 0/0
  1304 | D:2      | 1304 ||| READING 2 scrolls labelled WIXIZX JOIGUEL.
  1304 | D:2      | 1304 ||| IDENTIFYING black potion
  1305 | D:2      | 1305 ||| READING scroll of identify.
  1305 | D:2      | 1305 ||| IDENTIFYING cyan potion
  1306 | D:2      | 1306 ||| DROPPING potion of berserk rage.
  1307 | D:2      | 1307 ||| DROPPING potion of attraction.
  1390 | D:3      | Found a glowing golden altar of the Shining One.
  1398 | D:3      | Reached skill level 3 in Fighting
  1517 | D:3      | Reached skill level 3 in Dodging
  1531 | D:3      | 1531 ||| FLEEEEING.
  1532 | D:3      | 1532 ||| FLEEEEING.
  1533 | D:3      | 1533 ||| FLEEEEING.
  1534 | D:3      | 1534 ||| FLEEEEING.
  1535 | D:3      | 1535 ||| FLEEEEING.
  1536 | D:3      | 1536 ||| FLEEEEING.
  1537 | D:3      | 1537 ||| FLEEEEING.
  1538 | D:3      | 1538 ||| FLEEEEING.
  1635 | D:3      | Found a burning altar of Makhleb.
  1692 | D:3      | Reached XP level 5. HP: 40/40 MP: 0/0
  1692 | D:3      | Learned a level 2 spell: Momentum Strike
  1823 | D:3      | 1823 ||| FLEEEEING.
  1824 | D:3      | 1824 ||| FLEEEEING.
  1825 | D:3      | 1825 ||| FLEEEEING.
  1827 | D:3      | 1827 ||| FLEEEEING.
  1916 | D:3      | 1916 ||| UPGRADING to +0 ring mail.
  1926 | D:3      | 1926 ||| DROPPING +0 leather armour.
  1927 | D:3      | 1927 ||| READING scroll labelled SYSOTI EXKIREQO.
  1928 | D:3      | 1928 ||| READING scroll labelled IMURERI OSATUU.
  1952 | D:4      | Found a shadowy altar of Dithmenos.
  1953 | D:4      | 1953 ||| PLANNING OSSUARY
  1972 | D:4      | Reached skill level 1 in Armour
  2025 | D:4      | Noticed Edmund
  2037 | D:4      | HP: 9/40 [Edmund/+4 heavy flail (11)]
  2038 | D:4      | Mangled by Edmund

Levels and vault maps discovered:
D:1:      nagdon_arrival_zigzag_paths, layout_loops_ring,
          hellmonk_ecumenical_altar_blasted, grunt_decor_junction
D:2:      layout_basic, serial_shops, nicolae_shop_industrial_runoff
D:3:      layout_basic, lightli_temple_of_fire, tso_metal_star
D:4:      layout_cave_pools, grunt_dithmenos_smoke,
          minmay_temple_entry_overgrown, enter_ossuary_1, cheibrodos_gnoll_hut,
          uniq_edmund, uniq_grinder

Skill      XL: |  1  2  3  4  5 |
---------------+----------------+-----
Ranged Weapons | 4 |  4.2
Fighting       | 3 |  3.0
Dodging        | 3 |  3.1
Armour         | 1 |  1.0
Stealth        | |  0.7

Action                     |  1- 3 |  4- 6 || total
---------------------------+-------+-------++-------
   Fire: Shortbow          |    81 |    65 ||   146
    Use: Scroll            |     6 |     4 ||    10
 Armour: Leather armour    |    12 |     7 ||    19
         Ring mail         |       |     8 ||     8
  Dodge: Dodged            |    18 |     6 ||    24

Table legend:
 A = Non-vault XP
 B = Vault XP
 C = Vault XP percentage of total XP
 D = Non-vault monster count
 E = Vault monster count
 F = Vault count percentage of total count
                 A         B        C        D         E       F
            +---------+---------+-------+---------+---------+-------
      Total |     168 |       0 |   0.0 |      53 |       0 |   0.0
            +---------+---------+-------+---------+---------+-------
        D:1 |      19 |       0 |   0.0 |      13 |       0 |   0.0
        D:2 |      53 |       0 |   0.0 |      15 |       0 |   0.0
        D:3 |      75 |       0 |   0.0 |      21 |       0 |   0.0
        D:4 |      21 |       0 |   0.0 |       4 |       0 |   0.0
            +---------+---------+-------+---------+---------+-------
